Map: Orbital Shipyard

Players

Miszu - Winner!

  • Race: Terran Terran
  • League: Master

Rodzyn

  • Race: Protoss Protoss
  • League: Grandmaster

VOD

Have the link to the VOD?

Description

Time

  • Played on: March 11, 2016, 2:45 p.m.
  • Length: 12:38
Show
View Real Time Build Order
Export as new Build Order

Miszu Terran - Winner!

Build Orders: Command Center First (CC), MMM Bio 

Get SALT Encoding   

  12  0:00  SCV  
  13  0:12  SCV  
  14  0:17  Supply Depot  
  14  0:24  SCV  
  15  0:38  SCV  
  16  0:51  SCV  
  17  0:59  Command Center  
  17  1:03  SCV  
  18  1:15  SCV  
  18  1:16  Barracks  
  19  1:27  SCV  
  19  1:29  Barracks  
  20  1:39  SCV  
  21  1:43  Barracks  
  21  1:51  SCV  
  22  2:03  Orbital Command  
  22  2:04  Marine  
  23  2:10  Orbital Command  
  23  2:15  Marine  
  23  2:22  Marine  
  25  2:29  SCV  
  26  2:31  Refinery  
  26  2:33  Marine, Refinery  
  26  2:35  Marine  
  28  2:38  SCV  
  28  2:39  Marine  
  28  2:41  SCV  
  31  2:46  Supply Depot  
  31  2:50  SCV  
  32  2:53  SCV  
  32  2:57  Marine  
  34  2:59  Marine  
  34  3:02  SCV  
  34  3:04  Barracks Tech Lab  
  34  3:05  SCV  
  37  3:09  Supply Depot  
  37  3:14  SCV  
  37  3:15  Marine  
  37  3:17  Marine, SCV  
  41  3:26  SCV  
  42  3:28  Marine  
  42  3:29  SCV, Stimpack  
  42  3:33  Marine  
  45  3:35  Marine  
  45  3:36  Supply Depot  
  45  3:38  SCV  
  47  3:41  SCV  
  47  3:46  Marine  
  47  3:47  Factory  
  49  3:50  SCV  
  49  3:51  Marine  
  49  3:53  Marine, SCV  
  53  4:01  Supply Depot  
  53  4:02  SCV  
  54  4:03  Refinery  
  54  4:04  Marine  
  54  4:06  Engineering Bay  
  54  4:07  SCV  
  54  4:08  Marine  
  57  4:11  Marine  
  57  4:14  SCV  
  59  4:22  Marauder  
  59  4:24  SCV  
  62  4:28  Supply Depot, SCV  
  63  4:31  Starport  
  63  4:32  Factory Reactor  
  63  4:33  Barracks Reactor, Barracks Tech Lab  
  63  4:36  SCV  
  59  4:42  SCV  
  59  4:48  SCV  
  59  4:49  Missile Turret  
  59  4:51  Terran Infantry Weapons Level 1, Missile Turret  
  60  4:54  SCV  
  63  5:00  SCV  
  63  5:01  Marauder  
  63  5:04  Marine  
  63  5:06  SCV  
  66  5:08  Combat Shields  
  66  5:10  Marine  
  66  5:11  Marine  
  66  5:12  SCV  
  66  5:13  Supply Depot  
  69  5:18  SCV  
  69  5:20  Medivac  
  72  5:22  Marine  
  72  5:24  SCV  
  72  5:28  Marine x2  
  75  5:33  SCV  
  76  5:40  Marine x2  
  76  5:42  SCV  
  78  5:49  Refinery  
  78  5:57  Medivac x2, SCV x2  
  78  5:58  Supply Depot  
  78  5:59  Command Center  
  78  6:00  Missile Turret  
  78  6:03  Marine x2  
  78  6:04  Marine x2  
  88  6:13  Widow Mine  
  90  6:18  Barracks  
  90  6:20  Supply Depot, Barracks  
  90  6:21  Marine x2, Command Center  
  90  6:22  Marine x2  
  90  6:25  Engineering Bay  
  94  6:27  Medivac  
  95  6:39  Marine x3  
  91  6:44  Supply Depot  
  91  6:45  Supply Depot  
  84  6:49  Marine  
  82  6:55  Supply Depot  
  82  6:57  Marine x3  
  82  6:58  Widow Mine  
  86  7:06  SCV  
  86  7:07  Marine  
  84  7:14  Marine  
  84  7:15  Marine x2  
  83  7:19  Barracks Reactor x2  
  83  7:20  Medivac x2  
  88  7:23  Terran Infantry Armor Level 1  
  88  7:25  Marine  
  88  7:27  Armory  
  88  7:32  Marine x2  
  88  7:33  Marine  
  89  7:37  Widow Mine  
  89  7:39  SCV  
  89  7:43  Marine  
  93  7:50  Marine x2, Medivac, Orbital Command  
  93  7:51  Marine  
  98  7:55  Medivac  
  98  7:56  Marine  
  98  7:57  Marine x3  
  104  8:01  Marine  
  105  8:06  Widow Mine  
  105  8:08  Marine x2, Missile Turret  
  109  8:16  Marine x5  
  109  8:18  Marine  
  115  8:20  Terran Infantry Weapons Level 2  
  115  8:26  Marine x2  
  117  8:29  Medivac  
  117  8:33  Marine  
  120  8:34  Marine x4  
  120  8:36  Marine  
  125  8:55  Orbital Command  
  125  8:58  Marine  
  125  9:01  Marine x6  
  125  9:02  Marine  
  124  9:06  Widow Mine  
  125  9:25  Supply Depot, Marine x8, Medivac x2  
  125  9:26  Supply Depot, Terran Infantry Armor Level 2, Barracks  
  125  9:27  Barracks  
  137  9:35  Barracks  
  137  9:42  Marine x4  
  137  9:43  Marine x4  
  144  9:56  Ghost Academy  
  144  10:00  Refinery x2, Marine x7  
  144  10:02  Command Center  
  144  10:03  Supply Depot  
  151  10:08  Marine  
  152  10:17  Barracks Tech Lab x2  
  152  10:18  Marine  
  155  10:24  Ghost  
  155  10:25  Ghost  
  157  10:32  Barracks Tech Lab  
  157  10:34  Supply Depot x2  
  157  10:37  Ghost  
  160  10:47  Marine x3  
  151  11:09  Ghost x3  
  155  11:17  Marine x7  
  142  11:25  Ghost  
  134  11:39  Marine  
  135  11:40  Marine  
  135  11:44  Marine x8  
  135  11:48  Medivac x2  
  134  11:54  Marine  
  134  11:57  Marine  
  134  12:01  Marine  
  134  12:02  Marine x6  
  134  12:04  Marine  
  132  12:16  Marine x3  
  132  12:19  Marine x2  
  132  12:20  Marine  
Show
View Real Time Build Order
Export as new Build Order

Rodzyn Protoss 

Build Orders: 1 Gate Expand, Oracle Opening 

Get SALT Encoding   

  12  0:01  Probe (Chrono Boost)  
  13  0:11  Probe (Chrono Boost)  
  14  0:18  Pylon  
  14  0:22  Probe (Chrono Boost)  
  15  0:36  Gateway, Probe (Chrono Boost)  
  16  0:47  Probe (Chrono Boost)  
  16  0:48  Assimilator  
  17  0:57  Probe (Chrono Boost)  
  18  1:08  Probe (Chrono Boost)  
  19  1:20  Nexus  
  19  1:30  Cybernetics Core  
  19  1:33  Probe (Chrono Boost)  
  20  1:41  Assimilator  
  20  1:45  Probe (Chrono Boost)  
  21  1:51  Pylon  
  21  1:55  Probe (Chrono Boost)  
  22  2:05  Probe (Chrono Boost)  
  23  2:09  Warp Gate  
  23  2:10  Adept (Chrono Boost)  
  23  2:15  Pylon  
  25  2:17  Probe  
  26  2:29  Probe (Chrono Boost)  
  27  2:32  Probe (Chrono Boost)  
  27  2:35  Stargate  
  28  2:40  Probe (Chrono Boost)  
  28  2:42  Probe (Chrono Boost)  
  30  2:51  Probe (Chrono Boost)  
  31  2:53  Probe (Chrono Boost)  
  32  3:02  Mothership Core (Chrono Boost)  
  32  3:03  Probe (Chrono Boost)  
  35  3:13  Probe (Chrono Boost)  
  35  3:18  Oracle (Chrono Boost)  
  39  3:20  Probe  
  39  3:23  Probe  
  41  3:30  Adept  
  41  3:32  Probe  
  41  3:33  Probe, Assimilator  
  44  3:38  Assimilator  
  45  3:44  Probe  
  45  3:45  Probe  
  47  3:50  Oracle (Chrono Boost)  
  50  3:56  Probe x2  
  50  4:00  Gateway  
  50  4:02  Gateway  
  52  4:05  Gateway  
  52  4:07  Pylon  
  52  4:08  Probe x2  
  54  4:23  Probe  
  54  4:24  Pylon  
  54  4:25  Probe  
  54  4:28  Pylon  
  56  4:40  Probe  
  56  4:41  Probe  
  59  4:46  Void Ray (Chrono Boost)  
  59  4:55  Probe  
  60  5:01  Nexus  
  60  5:04  Sentry x2  
  64  5:09  Pylon  
  64  5:11  Probe  
  64  5:13  Sentry, Stalker  
  69  5:23  Void Ray (Chrono Boost)  
  69  5:24  Probe  
  74  5:29  Stalker x2  
  74  5:32  Probe  
  79  5:37  Probe  
  79  5:41  Stalker x2  
  79  5:42  Probe  
  84  5:47  Gateway  
  84  5:48  Pylon  
  85  5:53  Probe  
  86  5:59  Probe  
  86  6:01  Pylon  
  86  6:02  Pylon  
  83  6:06  Stalker  
  83  6:07  Stalker x2  
  83  6:09  Stalker  
  91  6:12  Probe  
  92  6:19  Probe  
  92  6:21  Probe  
  94  6:27  Void Ray (Chrono Boost)  
  96  6:48  Stalker  
  96  6:49  Stalker x3  
  94  7:12  Adept x4  
  92  7:17  Probe  
  92  7:18  Probe  
  92  7:20  Probe  
  95  7:22  Gateway  
  95  7:23  Gateway x2  
  95  7:25  Twilight Council, Pylon  
  95  7:27  Forge  
  91  7:47  Adept x2  
  91  7:48  Adept x3  
  91  7:49  Probe x2  
  91  7:50  Probe  
  100  7:53  Assimilator x2  
  100  7:57  Void Ray (Chrono Boost)  
  104  8:02  Pylon, Probe  
  104  8:03  Resonating Glaives (Chrono Boost)  
  105  8:06  Protoss Ground Weapons Level 1  
  105  8:07  Templar Archives  
  105  8:13  Adept x4  
  105  8:15  Adept  
  115  8:27  Adept x3  
  121  8:35  Adept x4  
  121  8:36  Adept  
  121  8:39  Void Ray  
  134  9:04  Adept x3  
  134  9:07  Psionic Storm  
  140  9:18  Pylon  
  140  9:20  Pylon  
  140  9:36  Nexus  
  140  9:37  High Templar x4, Pylon  
  148  9:38  Adept x3  
  148  9:39  Pylon  
  148  9:41  Pylon  
  148  9:44  Pylon  
  150  9:57  Probe  
  150  9:58  Probe  
  150  9:59  Robotics Facility, Gateway  
  152  10:01  Adept x4  
  152  10:02  Gateway x2  
  152  10:03  Gateway, Protoss Ground Weapons Level 2 (Chrono Boost)  
  160  10:10  Oracle  
  163  10:16  Adept x4  
  169  10:22  Stalker x4  
  169  10:25  Blink (Chrono Boost)  
  177  10:38  Stalker x4  
  176  11:09  High Templar  
  176  11:10  High Templar x2  
  176  11:11  Adept x6  
  182  11:12  Adept x3  
  194  11:22  Archon x2  
  194  11:25  Archon  
  130  11:33  Adept x4  
  130  11:34  Adept x5  
  144  11:45  Adept  
  144  11:46  Adept x2  
  124  11:54  Adept x6  
  103  11:55  Adept x3  
  97  12:03  Adept  
  97  12:04  Adept x2  
  97  12:05  High Templar, Adept  
  97  12:07  Adept x3  
  80  12:23  Adept  
  80  12:24  Adept x6  
Tags
 
Add a new tag
Caveats
  • Supply blocks, unpowered buildings, or Contaminate may cause inaccurate times.
  • Supply counts are checked every 10 seconds.